Cogmind - Beta 16 @@@ ROGUE MODE // 2025.12.27 @ 16:19:24 Player: PE-P51 Result: Destroyed by CS-B0J(R) with Subdweller Beam Cannon Performance ------------- Evolutions (0) 0 Regions Visited (2) 400 Robots Destroyed (18) 90 Value Destroyed (561) 561 Prototype IDs (0) 0 Alien Tech Used (0) 0 Bonus (0) 0 TOTAL SCORE: 1051 Bonus ------- None Cogmind --------- Core Integrity 0/250 Matter 257/300 Energy 192/200 System Corruption 0% Temperature Cool (70) Movement Core (400) Ox7 Location -10/Subcaves Parts ------- > --- POWER (1) -------- Subdweller Power Source > --- PROPULSION (2) --- (None) > --- UTILITY (2) ------ Small Storage Unit Subdweller Optics > --- WEAPON (2) ------- Subdweller Beam Cannon Assault Rifle > --- INVENTORY (8) ---- Light Ion Engine Subdweller Monowheel Flight Unit Small Laser Peak State ------------ > --- POWER ------------ Ion Engine > --- PROPULSION ------- Compact Wheel Subdweller Monowheel > --- UTILITY ---------- Disposable Heat Sink Small Storage Unit > --- WEAPON ----------- Subdweller Machine Gun Subdweller Machine Gun > --- INVENTORY -------- Light Ion Engine Light Treads Light Treads Wheel Subdweller Monowheel Flight Unit Small Laser Assault Rifle [Rating: 11] Favorites ----------- Power Ion Engine Engine Ion Engine Propulsion Aluminum Leg Leg Aluminum Leg Wheel Subdweller Monowheel Utility Small Storage Unit Device Subdweller Optics Storage Small Storage Unit Weapon Subdweller Machine Gun Energy Cannon Subdweller Beam Cannon Ballistic Gun Subdweller Machine Gun Build | -11 -10 -10 ------- Run | Yrd Mat Sub Slots Evolved . | . . . Power . | . . . Propulsion . | . . . Utility . | . . . Weapon . | . . . Parts Attached 12 | . 1 11 Power 2 | . 1 1 Engine 2 | . 1 1 Core . | . . . Reactor . | . . . Propulsion 2 | . . 2 Treads . | . . . Leg . | . . . Wheel 2 | . . 2 Hover . | . . . Flight . | . . . Utility 2 | . . 2 Device 2 | . . 2 Storage . | . . . Processor . | . . . Hackware . | . . . Protection . | . . . Artifact . | . . . Weapon 6 | . . 6 Energy Gun . | . . . Energy Cannon 1 | . . 1 Ballistic Gun 5 | . . 5 Ballistic Cannon . | . . . Launcher . | . . . Special Weapon . | . . . Impact Weapon . | . . . Slashing Weapon . | . . . Piercing Weapon . | . . . Special Melee Weapon . | . . . Unidentified Prototypes . | . . . Parts Lost 7 | . . 7 Power 1 | . . 1 Propulsion 2 | . . 2 Utility . | . . . Weapon 4 | . . 4 Highest Loss Streak 3 | . . 3 To Critical Strikes . | . . . Average Backups 6 | . 7 6 Power 1 | . 1 1 Propulsion 3 | . 4 2 Utility . | . . . Weapon 2 | . 1 2 Tool/Special . | . . . Unused Backups 15 | . 6 9 Power 2 | . 1 1 Propulsion 7 | . 2 5 Utility 1 | . 1 . Weapon 5 | . 2 3 Tool/Special . | . . . Average Slot Usage (%) 85 | . 85 86 Engine 12 | . 14 11 Leg 14 | . 28 4 Wheel 10 | . . 19 Device 6 | . . 11 Storage 14 | . 14 14 Ballistic Gun 25 | . 28 23 Peak Build Rating 11 | . 6 11 Average Rating 7 | . 6 9 On Entrance 6 | 6 6 6 Avg Prop Armor Cover (%) 10 | . . 10 Naked Turns . | . . . Heaviest Build 20 | 11 13 20 Greatest Support 36 | 20 20 36 Greatest Overweight (x) . | . . . Average Overweight (x) . | . . . Largest Inventory Capacity 8 | . 8 8 Average Capacity 8 | . 8 8 Most Carried 8 | . 8 8 Average Carried 6 | . 7 6 Final Capacity 8 | 8 8 8 Final Carried 8 | 6 8 4 Class Distribution -------------------- 54% | Mutant 45% | Scavenger-Mutant Dominant Class ---------------- Mutant | -10/Materials Scavenger-Mutant | -10/Subcaves Resources | -11 -10 -10 ----------- Run | Yrd Mat Sub Matter Collected 536 | 200 182 154 Remotely . | . . . Salvage Created 752 | . 503 249 Parts 48 | . 28 20 Haulers Intercepted . | . . . Recyclers Shooed 2 | . 2 . Parts Field Recycled . | . . . Retrieved Matter . | . . . Parts Self-Destructed . | . . . Prevented . | . . . Parts Restored . | . . . Kills | -11 -10 -10 ------- Run | Yrd Mat Sub Combat Hostiles Destroyed 17 | . 11 6 Guns 17 | . 11 6 Classes Destroyed 4 | . 3 1 Recycler 1 | . 1 . Swarmer 3 | . 3 . Grunt 8 | . 8 . Subdweller 6 | . . 6 Best Kill Streak 5 | . 5 2 Combat Bots Only 5 | . 5 2 Max Kills in Single Turn 1 | . 1 1 Gunslinging . | . . . Exploded . | . . . Melee . | . . . Uniques/NPCs Destroyed . | . . . Combat | -11 -10 -10 -------- Run | Yrd Mat Sub Hostile Shots Fired 101 | . 51 50 Missed 26 | . 16 10 Hits 75 | . 35 40 Projectile 75 | . 35 40 Critical Strikes 2 | . . 2 Damage Taken 1305 | . 373 932 Core 276 | . 72 204 Absorbed by Shields . | . . . Core Remaining (%) 100 | 100 . . Volleys Fired 84 | . 43 41 Largest 2 | . 2 2 Hottest 100 | . 40 100 Shots Fired 146 | . 86 60 Gun 142 | . 86 56 Cannon 4 | . . 4 Launcher . | . . . Special . | . . . Kinetic 142 | . 86 56 Thermal 4 | . . 4 Explosive . | . . . Electromagnetic . | . . . Robot Hit Streak 14 | . 14 10 Robot Miss Streak 4 | . 4 3 Penetration Max . | . . . Secondary Targets . | . . . Shots Hit Robots 102 | . 59 43 Core Hits 34 | . 22 12 Critical Kills 1 | . . 1 Critical Parts Destroyed . | . . . Critical Strikes 1 | . . 1 Destroy 1 | . . 1 Melee Attacks . | . . . Impact . | . . . Slashing . | . . . Piercing . | . . . Sneak Attacks . | . . . Combat Hostiles . | . . . Follow-up Attacks . | . . . Damage Inflicted 1475 | . 635 840 Guns 1390 | . 630 760 Cannons 80 | . . 80 Explosions . | . . . Melee . | . . . Ramming 5 | . 5 . Kinetic 1390 | . 630 760 Thermal 80 | . . 80 Explosive . | . . . Electromagnetic . | . . . Impact . | . . . Slashing . | . . . Piercing . | . . . Highest Corruption . | . . . Average Corruption . | . . . Corruption Purged . | . . . Corruption Blocked . | . . . Overload Shots . | . . . Overflow Damage . | . . . Projectiles . | . . . Explosions . | . . . Melee . | . . . Knockbacks . | . . . Impact . | . . . Kinetic . | . . . Secondary . | . . . Self-Inflicted Damage . | . . . Shots . | . . . Rammed . | . . . Targets Rammed 1 | . 1 . Kicked 1 | . 1 . Crushed . | . . . Highest Temperature 276 | . 24 276 Average Temperature 58 | . 8 123 Received Heat Transfer 563 | . 147 416 Siege Activations . | . . . Martial Activations . | . . . Shielding Activations . | . . . Robots Disrupted . | . . . Combat Hostiles . | . . . Robots Corrupted . | . . . Combat Hostiles . | . . . Parts Fried . | . . . Impact Corruptions . | . . . Robots Melted . | . . . Combat Hostiles . | . . . Parts Melted . | . . . Heat Transferred 111 | . . 111 Parts Sabotaged . | . . . Parts Stolen . | . . . Parts Stripped . | . . . Power Chain Reactions . | . . . Alert | -11 -10 -10 ------- Run | Yrd Mat Sub Maximum Alert Level . | . . . Low Security (%) 100 | . 100 . Level 1 . | . . . Level 2 . | . . . Level 3 . | . . . Level 4 . | . . . Level 5 . | . . . High Security . | . . . Max Security . | . . . Peak Influence 180 | . 180 . Initial . | . . . Average 101 | . 101 . Influence Increases 280 | . 280 . Destroy 0b10 Robot/C 220 | . 220 . Destroy 0b10 Robot/NC 5 | . 5 . Destroy Leader 40 | . 40 . Lose Combat Pursuer 15 | . 15 . Influence Decreases 280 | . 130 150 Entered New Map 73 | . . 73 Time Decay 197 | . 130 67 Lost Part 10 | . . 10 Squads Dispatched 2 | . 2 . Investigation 2 | . 2 . Extermination . | . . . Reinforcement . | . . . Assault . | . . . Garrison . | . . . Intercept . | . . . Searches Triggered . | . . . Construction Impeded . | . . . Haulers Reinforced . | . . . Active Scanning Responses . | . . . Cargo Convoy Interrupts . | . . . Stealth | -11 -10 -10 --------- Run | Yrd Mat Sub Distress Signals 1 | . 1 . Communications Jammed . | . . . Distress Signals . | . . . Times Spotted 24 | . 16 8 Peak Tracking Total 5 | . 5 2 Tactical Retreats 1 | . 1 . Traps | -11 -10 -10 ------- Run | Yrd Mat Sub Traps Triggered 1 | . 1 . Indirectly . | . . . Trap Hack Attempts . | . . . Triggered . | . . . Disarmed . | . . . Reprogrammed . | . . . Reused . | . . . Traps Extracted . | . . . Installed . | . . . Triggered . | . . . Machines | -11 -10 -10 ---------- Run | Yrd Mat Sub Machines Disabled . | . . . Max in Single Turn . | . . . Machines Repaired . | . . . Machines Dismantled . | . . . Machines Sabotaged . | . . . Overloaded Fab Kills . | . . . Hacking | -11 -10 -10 --------- Run | Yrd Mat Sub Machines Accessed 2 | . 2 . Terminals 2 | . 2 . Fabricators . | . . . Repair Stations . | . . . Recycling Units . | . . . Scanalyzers . | . . . Garrison Access . | . . . Total Hacks 6 | . 6 . Successful . | . . . Failed 6 | . 6 . Catastrophic 1 | . 1 . Database Lockouts . | . . . Manual . | . . . Terminals 6 | . 6 . Fabricators . | . . . Repair Stations . | . . . Recycling Units . | . . . Scanalyzers . | . . . Garrison Access . | . . . Terminal Hacks . | . . . Fabricator Hacks . | . . . Repair Station Hacks . | . . . Recycling Unit Hacks . | . . . Scanalyzer . | . . . Garrison Access Hacks . | . . . Unauthorized Hacks . | . . . Terminals . | . . . Fabricators . | . . . Repair Stations . | . . . Recycling Units . | . . . Scanalyzers . | . . . Garrison Access . | . . . Data Cores Recovered . | . . . Used . | . . . Hacking Detections 2 | . 2 . Full Trace Events 1 | . 1 . Feedback Events . | . . . Feedback Blocked . | . . . Robot Schematics Acquired . | . . . Robots Built . | . . . Authchips . | . . . Time . | . . . Total Robot Build Rating . | . . . Part Schematics Acquired . | . . . Parts Built . | . . . Authchips . | . . . Time . | . . . Total Part Build Rating . | . . . Part Studies Acquired . | . . . Parts Repaired . | . . . Time . | . . . Parts Recycled . | . . . Recycled Matter . | . . . Retrieved Matter . | . . . Retrieved Components . | . . . Parts Scanalyzed . | . . . Part Schematics Acquired . | . . . Parts Damaged . | . . . Bothacking | -11 -10 -10 ------------ Run | Yrd Mat Sub Used RIF Installer . | . . . Robots Hacked . | . . . Non-combat . | . . . Combat . | . . . Robot Hacks Applied . | . . . Relay Couplers Released . | . . . Fabnet Peak Effective % . | . . . Robots Rewired . | . . . Allies Hacked . | . . . Hacks Repelled . | . . . Allies | -11 -10 -10 -------- Run | Yrd Mat Sub Total Allies . | . . . Largest Group . | . . . Highest-Rated Group . | . . . Highest-Rated Ally . | . . . Total Orders . | . . . Ally Attacks . | . . . Total Damage . | . . . Kills . | . . . Allies Corrupted . | . . . Allies Melted . | . . . Intel | -11 -10 -10 ------- Run | Yrd Mat Sub Active Infowar (turns) 271 | . . 271 Optics 271 | . . 271 Robot Analysis Total . | . . . Derelict Logs Recovered . | . . . Drone Launches . | . . . Drone Recoveries . | . . . Exploration | -11 -10 -10 ------------- Run | Yrd Mat Sub Turns Passed 717 | . 312 405 Spaces Moved 373 | 1 126 246 Core . | . . . Treads . | . . . Legs 149 | 1 126 22 Wheels 224 | . . 224 Hover . | . . . Flight . | . . . Fastest Speed 105 | 120 120 105 Average Speed 112 | 120 120 108 Slowest Speed 120 | 120 120 120 Overloaded Moves . | . . . Propulsion Burnouts . | . . . Robots Hopped . | . . . Potential Cave-ins . | . . . Cave-ins Triggered . | . . . Exploration Rate (%) 12 | 2 26 10 Regions Visited 2 Branch Regions 1 Pre-discovered Areas . | . . . Known Exits Taken . | . . . Unknown Exits Taken 2 | 1 1 . Scrap Searched . | . . . Spaces Dug . | . . . Terrain Destroyed . | . . . Melee . | . . . Projectile . | . . . AOE . | . . . Terrain Rammed . | . . . Walls Destroyed . | . . . Machines Disabled . | . . . Actions | -11 -10 -10 --------- Run | Yrd Mat Sub Total 538 | . 209 329 Wait 57 | . 36 21 Move 371 | . 125 246 Hop . | . . . Pick Up 4 | . 2 2 Fast Attach 4 | . . 4 Attach 2 | . . 2 Detach . | . . . Swap 7 | . 1 6 Drop 8 | . 1 7 Fire 84 | . 43 41 Melee . | . . . Ram . | . . . Kick 1 | . 1 . Crush . | . . . Escape Stasis . | . . . Rewire . | . . . Trap . | . . . Miscellaneous . | . . . Route ------- -11/Scrapyard -10/Materials -10/Subcaves History --------- Turn | Location | Event 1 | -11/Scrapyard | Discovered new exit (range 0) 1 | -11/Scrapyard | Entered Materials 264 | -10/Materials | Discovered new exit (range 4) 306 | -10/Materials | Build established: Mutant 313 | -10/Materials | Entered Subcaves 314 | -10/Subcaves | Ambushed by Subdwellers from Twisted Machinery 314 | -10/Subcaves | Approached by a straggling Scientist 516 | -10/Subcaves | Disturbed a concealed Subdweller 580 | -10/Subcaves | Core integrity fell below 50% 708 | -10/Subcaves | Core integrity fell below 20% 718 | -10/Subcaves | Destroyed by CS-B0J(R) with Subdweller Beam Cannon Last Messages --------------- 00430_ Acquired Sub. Beam Cannon. 00447_ Acquired Sub. Optics. 00448_ Acquired 10 matter. 00452_ Subatomizers dissect the Sub. Monowheel. 00516_ EX-KKW(R) angrily emerges from the Twisted Machinery. 00528_ Sub. Machine Gun destroyed. 00530_ EX-KKW(R) destroyed. 00577_ Ion Engine destroyed. 00583_ Com. Wheel destroyed. 00586_ KS-TJC(R) destroyed. 00588_ Acquired 23 matter. 00590_ Acquired Sub. Machine Gun. 00591_ Acquired 4 matter. 00614_ Acquired 6 matter. 00635_ Acquired Sub. Power Source. 00696_ Sub. Machine Gun destroyed. 00698_ Critical hit (Meltdown: +290). 00705_ Sub. Machine Gun destroyed. 00714_ Sub. Monowheel destroyed. 00714_ Destroyed Scrap Shield. Map ----- +----------------------------------------------------+ | ????????????????# # =###"" #???????????????????? | | ????????????????## ""#"" #???????????????????? | | ?????????????????# ##"" #???????????????????? | | ????????????????## ""# #???????????????????? | | ???????????????## """# #????????????????????? | | ???????????????# ""# ##????????????????????? | | ???????????????#" ##????????????????????? | | ??????????????##" #????????????????????? | | ??????????????#" #????????????????????? | | ??????????????#" ##????????????????????? | | ??????????????#" #?????????????????????? | | ??????????????#### ##????????????????????? | | ??????????????#"## #????????????????????? | | ??????????????# #????????????????????? | | ??????????????# # ##????????????????????? | | ??????????????## # ##?????????????????????? | | ???????????????### # #??????????????????????? | | ?????????????????# # #??????????????????????? | | ?????????????????# #??????????????????????? | | ?????????????????# # #?#######??????????????? | | ?????????????????## ### #??????????????? | | ????????????????## # #???????????????? | | ???????????????## # ###???????????????? | | ???????????????# ##????????????????? | | ???????????????# R #????????????????? | | ???????????????## @ R #????????????????? | | ????????????????## ###### #????????????????? | | ?????????????????## ##????## #????????????????? | | ??????????????????###??????## #????????????????? | | ????????????????????????????# #????????????????? | | ???????????????????????????? #????????????????? | | ???????????????????????????? #????????????????? | | ???????????????????????????? ????????????????? | | ???????????????????????????? ???????????????? | | ???????????????????????????"" ???????????????? | | ??????????????????????????? " ??????????????? | | ???????????????????????????# ## ##?????????????? | | ???????????????????????????# ??###??????????????? | | ??????????????????????????? ???????????????????? | | ??????????????????????????? ???????????????????? | | ??????????????????????????? ???????????????????? | | ??????????????????????????? ???????????????????? | | ??????????????????????????? #???????????????????? | | ????????????????????????????????????????????????? | | ????????????????????????????????????????????????? | | ????????????????????????????????????????????????? | | ????????????????????????????????????????????????? | | ????????????????????????????????????????????????? | | ????????????????????????????????????????????????? | | ????????????????????????????????????????????????? | +----------------------------------------------------+ Best States ------------- Heat Dissipation 25 Coolant Potential 50 Energy Generation 15 Energy Capacity 250 Matter Stores 300 Matter Capacity 300 Sight Range 21 Terrain Scan Density 10 Evasion (%) 55 Item Schematics ----------------- None Robot Schematics ------------------ None Fabricated ------------ Nothing Repaired ---------- Nothing Studied --------- None Alien Tech Used ----------------- None Achievements -------------- None Challenges ------------ None Game ------ Seed PotentialPlexusMask Manual? 0 Play Time 00:05:47 Cumulative 239.1 hours Start 2025.12.27 @ 16:15:36 End 2025.12.27 @ 16:19:24 Sessions 1 Manual Loads 0 Difficulty Rogue Special Mode None Game No. 320 Rogue 319 Adventurer 1 Explorer 0 Win Type - Total 2 Types 1/0/0/1/0/0/0/0/0/0 Lore% 70 Gallery% 63 Achievement% 55 Wizard Run 0 Options --------- Layout 0 ASCII 0 Keyboard 0 Movement Numpad Keybinds 0 Fullscreen 1 Font 24/Smallcaps Map View 76x50 Zoom Use 0% Tactical HUD 1 Map Filters NONE Filters NONE Steam 1 RUN: a87816d0-2bc3-4110-b7d1-858f54dbc0f1